 Dungeon Crawl Stone Soup version 0.23.2-1-ga50397a (webtiles) character file.

Game seed: 2867819182209885019

1869 schauveau the Archer (level 8, -3/71 HPs)
             Began as a Centaur Hunter on May 6, 2019.
             Was a Priest of Okawaru.
             Shot with a sling bullet by Joseph (17 damage)
             ... on level 7 of the Dungeon.
             The game lasted 00:11:47 (5963 turns).

schauveau the Archer (Centaur Hunter)               Turns: 5963, Time: 00:11:47

Health: -3/71      AC:  8    Str: 16    XL:     8   Next: 90%
Magic:  8/8        EV:  9    Int: 10    God:    Okawaru [***...]
Gold:   239        SH:  0    Dex: 11    Spells: 7/7 levels left

rFire    . . .     SeeInvis .   a - +1 shortbow
rCold    . . .     Gourm    .   (shield currently unavailable)
rNeg     . . .     Faith    .   c - +0 leather armour
rPois    .         Spirit   .   w - +2 helmet
rElec    .         Reflect  .   A - +0 cloak (curse)
rCorr    .         Harm     .   (no gloves)
MR       .....                  (no barding)
Stlth    ++........             (no amulet)
HPRegen  0.21/turn              l - +4 ring of slaying
MPRegen  0.11/turn              u - ring of stealth

@: very quick
A: large, hooves 3, deformed body, speed 2, tough skin 3
a: Heroism, Renounce Religion


You were on level 7 of the Dungeon.
You worshipped Okawaru.
Okawaru was most pleased with you.
You were not hungry.

You visited 2 branches of the dungeon, and saw 8 of its levels.

You collected 310 gold pieces.
You spent 71 gold pieces at shops.

Inventory:

Hand Weapons
 a - a +1 shortbow (weapon)
 b - a +0 mace of protection
 q - a +0 short sword
 C - a +1 halberd of venom
Missiles
 d - 16 arrows (quivered)
 y - 9 tomahawks
 z - 8 curare-tipped needles
Armour
 c - a +0 leather armour (worn)
 w - a +2 helmet (worn)
 A - a cursed +0 cloak (worn)
Jewellery
 l - a +4 ring of slaying (left hand)
 u - a ring of stealth (right hand)
 x - an uncursed ring of protection from cold {unknown}
Scrolls
 g - a scroll of enchant weapon {unknown}
 i - 2 scrolls of identify
 k - 4 scrolls of remove curse
 m - 4 scrolls of enchant armour
 n - 2 scrolls of teleportation {unknown}
 v - 2 scrolls of amnesia {unknown}
 B - a scroll of fear {unknown}
 D - 2 scrolls of magic mapping {unknown}
 F - a scroll of summoning {unknown}
 G - a scroll of fog {unknown}
Potions
 e - a potion of resistance {unknown}
 h - a potion of might
 j - a potion of brilliance {unknown}
 o - a potion of heal wounds {unknown}
 p - a potion of degeneration {unknown}
 r - a potion of haste {unknown}
 s - a potion of lignification {unknown}
 t - a potion of mutation {unknown}
Comestibles
 f - 13 rations


   Skills:
 + Level 6.8 Fighting
 - Level 0.3 Short Blades
 + Level 2.5 Polearms
 - Level 12.2 Bows
 - Level 0.2 Armour
 - Level 1.7 Dodging
 - Level 0.4 Stealth


You had 7 spell levels left.
You didn't know any spells.
Your spell library contained the following spells:

 Spells                   Type           Power        Failure   Level  Hunger
 Freeze                   Ice            #...         43%         1    ##.....
 Throw Frost              Conj/Ice       #.....       56%         2    ###....
 Ozocubu's Armour         Chrm/Ice       #.......     80%         3    ####...
 Summon Ice Beast         Ice/Summ       #.......     99%         4    #####..
 Throw Icicle             Conj/Ice       #.......     99%         4    #####..


Dungeon Overview and Level Annotations

Branches:
Dungeon (7/15)             Temple (1/1) D:4

Altars:
Gozag
Okawaru
Qazlal
Trog
Uskayaw
Zin
The Shining One

Shops:
D:4 *![:[   D:6 }   D:7 (

Annotations:
D:5 2 runed translucent doors, Gazerockf's ghost, novice MiBe
D:7 Joseph


Innate Abilities, Weirdness & Mutations

You have hooves in place of feet.
Armour fits poorly on your strangely shaped body.
You cover ground very quickly.
You have extremely tough skin. (AC +3)


Message History

Firing (i - inventory. (/) - cycle)
d - 19 arrows (quivered)
Press: ? - help, Shift-Dir - straight line, f/p - Joseph
Aim: Joseph, wielding a +0 hunting sling and wearing a +0 ring mail (heavily wounded)
You shoot an arrow. The arrow barely misses Joseph.
Firing (i - inventory. (/) - cycle)
d - 18 arrows (quivered)
Press: ? - help, Shift-Dir - straight line, f/p - Joseph
Aim: Joseph, wielding a +0 hunting sling and wearing a +0 ring mail (heavily wounded)
You shoot an arrow.
The arrow hits Joseph but does no damage.
Joseph is heavily wounded.
Joseph shoots a sling bullet.
The sling bullet hits you!
Firing (i - inventory. (/) - cycle)
d - 17 arrows (quivered)
Press: ? - help, Shift-Dir - straight line, f/p - Joseph
Aim: Joseph, wielding a +0 hunting sling and wearing a +0 ring mail (heavily wounded)
You shoot an arrow. The arrow hits Joseph.
Joseph is heavily wounded.
Joseph shoots a sling bullet.
The sling bullet hits you!
* * * LOW HITPOINT WARNING * * *
Joseph shoots a sling bullet.
The sling bullet hits you!
You die...

#.#....###...(.# ...
###.#....#∩+.# #(# ..
#........###.# #(#..
#.......##.#.# #@#.#
#.......##.#.###.#.#####
#.......##.#>...(.......
#.......##......<..#####
#.......####.......#
###.#<.@.(.........#
#.########.@....## #
#..(.(.# #....(.#
########


You could see Joseph.

Vanquished Creatures
  A water moccasin (D:5)
  An orc warrior (D:6)
  A sky beast (D:6)
  An ice beast (D:5)
  3 ogres
  A phantom (D:5)
  2 bullfrogs (D:6)
  6 killer bees
  A howler monkey (D:6)
  2 crimson imps (D:5)
  2 quasits
  4 hounds
  3 orc wizards
  A centaur skeleton (D:5)
  Jessica (D:3)
  An iguana (D:5)
  Terence (D:2)
  10 gnolls
  6 adders
  An ooze (D:4)
  An adder skeleton (D:6)
  An adder zombie (D:6)
  2 worms
  A dart slug (D:3)
  3 leopard geckos
  17 orcs
  3 bats
  7 giant cockroaches
  3 goblins (D:1)
  4 hobgoblins
  12 jackals
  5 kobolds
  3 quokkas
  3 frilled lizards
  A goblin zombie (D:5)
  3 hobgoblin zombies (D:5)
  A jackal skeleton (D:5)
  A kobold skeleton (D:5)
  A kobold zombie (D:5)
  A leopard gecko skeleton (D:5)
  An orc zombie (D:5)
  A quokka skeleton (D:6)
  6 rats
130 creatures vanquished.

Notes
Turn   | Place    | Note
-------+----------+-------------------------------------------
     0 | D:1      | schauveau the Centaur Hunter began the quest for the Orb.
     0 | D:1      | Reached XP level 1. HP: 17/17 MP: 1/1
   241 | D:2      | Noticed Terence
   302 | D:1      | Reached XP level 2. HP: 19/24 MP: 2/2
   371 | D:2      | Reached skill level 6 in Bows
   380 | D:2      | Reached XP level 3. HP: 27/29 MP: 3/3
   498 | D:3      | Found a glowing golden altar of the Shining One.
   565 | D:3      | Noticed Jessica
   568 | D:3      | Killed Jessica
   608 | D:3      | Reached XP level 4. HP: 26/36 MP: 4/4
   697 | D:4      | Found Xeurak's Book Shop.
   880 | D:3      | Reached skill level 7 in Bows
  1065 | D:4      | Reached XP level 5. HP: 41/41 MP: 5/5
  1078 | D:4      | Found a staircase to the Ecumenical Temple.
  1089 | Temple   | Entered the Ecumenical Temple
  1097 | Temple   | Became a worshipper of Warmaster Okawaru
  1588 | D:2      | Killed Terence
  1588 | D:2      | Reached skill level 8 in Bows
  2197 | D:3      | Reached skill level 9 in Bows
  2467 | D:4      | Found Uffusm's Armour Shoppe.
  2479 | D:4      | Bought a cursed +0 cloak for 35 gold pieces
  2513 | D:4      | Found Noutoteg's Antique Armour Boutique.
  2525 | D:4      | Reached XP level 6. HP: 33/48 MP: 6/6
  2558 | D:4      | Reached * piety under Okawaru
  2832 | D:4      | Found Zodoapt's Distillery.
  2846 | D:4      | Bought a potion of curing for 36 gold pieces
  2858 | D:4      | Found Dicirrus's Assorted Antiques.
  2908 | D:4      | Reached skill level 10 in Bows
  3201 | D:5      | Entered Level 5 of the Dungeon
  3201 | D:5      | Found an opulent altar of Gozag.
  3236 | D:5      | Found a glowing golden altar of the Shining One.
  3250 | D:5      | Reached XP level 7. HP: 52/55 MP: 7/7
  3373 | D:5      | Reached skill level 11 in Bows
  4078 | D:5      | Found a hide-covered altar of Uskayaw.
  4079 | D:5      | Noticed a +0 dagger
  4079 | D:5      | Noticed a +0 hand axe
  4222 | D:5      | Reached ** piety under Okawaru
  4222 | D:5      | Reached skill level 12 in Bows
  4445 | D:5      | Found a large runed translucent door.
  4445 | D:5      | Found a large runed translucent door.
  4446 | D:5      | Noticed Gazerockf's ghost (novice MiBe)
  4497 | D:5      | Reached XP level 8. HP: 50/63 MP: 8/8
  4584 | D:5      | Found a glowing silver altar of Zin.
  4641 | D:5      | Found a bloodstained altar of Trog.
  4681 | D:6      | Found Toosav's Gadget Shop.
  4806 | D:6      | Reached skill level 5 in Fighting
  5138 | D:6      | Reached skill level 1 in Polearms
  5244 | D:6      | Reached *** piety under Okawaru
  5359 | D:7      | Noticed Joseph
  5931 | D:7      | Found Qithoysk's Weapon Boutique.
  5963 | D:7      | Shot with a sling bullet by Joseph

Skill      XL: |  1  2  3  4  5  6  7  8 |
---------------+-------------------------+-----
Bows           | 6 7 9 10 12 | 12.2
Fighting       | 3 6 |  6.8
Polearms       | 2 |  2.5
Short Blades   | |  0.3
Armour         | |  0.2
Dodging        | |  1.7
Stealth        | |  0.4

Action                   |  1- 3 |  4- 6 |  7- 9 || total
-------------------------+-------+-------+-------++-------
Melee: Short sword       |    40 |    41 |       ||    81
       Kick              |     6 |    19 |    17 ||    42
       Mace              |       |    43 |    65 ||   108
 Fire: Shortbow          |    21 |    64 |   169 ||   254
  Use: Scroll            |       |     4 |     1 ||     5
       Potion            |       |     2 |     1 ||     3
 Stab: Sleeping          |       |       |     1 ||     1
  Eat: Chunk             |       |     4 |     1 ||     5
       Ration            |       |     1 |     2 ||     3
Armor: Leather armour    |     9 |    71 |    63 ||   143
Dodge: Dodged            |    21 |    67 |    68 ||   156
